 Dungeon Crawl Stone Soup version 0.30-a0-870-gc5d4c5acee (webtiles) character file.

Game seed: 2441456136129548987

776 cheesebisquit the Scholar of Death (level 7, -24/46 HPs)
             Began as a Mummy Necromancer on Mar 11, 2023.
             Was a Follower of Kikubaaqudgha.
             Killed by an exploding white imp (27 damage)
             ... ignited by their inner flame
             ... on level 4 of the Dungeon.
             The game lasted 00:27:33 (5217 turns).

cheesebisquit the Scholar of Death (MuNe)           Turns: 5217, Time: 00:27:33

Health: -24/46     AC:  6    Str: 12    XL:     7   Next: 54%
Magic:  11/25      EV: 12    Int: 16    God:    Kikubaaqudgha [*.....]
Gold:   283        SH:  0    Dex: 12    Spells: 4/18 levels left

rFire   x . .      SeeInvis .    b - staff of death
rCold   + . .      Faith    +    (no shield)
rNeg    + + +      Spirit   .    g - +2 robe {Will+}
rPois   ∞          Reflect  .    d - +0 helmet
rElec   .          Rampage  .    a - +0 cloak
rCorr   .                        (no gloves)
Will    ++...                    (no boots)
Stlth   ++                       (no amulet)
HPRegen 0.27/turn                n - ring of willpower
MPRegen 0.19/turn                j - ring of magical power

@: no status effects
A: cold resistance 1, negative energy resistance 3, torment resistance 2, heat
vulnerability 1, in touch with death 1, no potions, faith
a: Renounce Religion, Unearth Wretches


You were on level 4 of the Dungeon.
You worshipped Kikubaaqudgha.
Kikubaaqudgha was aware of your devotion.
You visited 2 branches of the dungeon, and saw 6 of its levels.

You collected 283 gold pieces.

Inventory:

Hand Weapons
 c - a +1 whip
 i - a +0 mace
Armour
 a - a +0 cloak (worn)
 d - a +0 helmet (worn)
 g - a +2 robe of willpower (worn)
Magical Staves
 b - a staff of death (weapon)
Jewellery
 j - a ring of magical power (right hand)
 n - a ring of willpower (left hand)
Wands
 k - a wand of iceblast (18)
 l - a wand of paralysis (6)
Scrolls
 f - a scroll of magic mapping
 h - a scroll of vulnerability


   Skills:
 - Level 1.5 Dodging
 - Level 1.5 Stealth
 + Level 6.3 Spellcasting
 * Level 8.0 Necromancy


You had 4 spell levels left.
You knew the following spells:

 Your Spells              Type           Power      Damage    Failure   Level
a - Necrotise             Necr           100%       1d9       1%          1
b - Vampiric Draining     Necr           62%        2d10      1%          3
c - Animate Dead          Necr           62%        N/A       4%          4
d - Kiss of Death         Conj/Necr      100%       2d13      2%          1
e - Agony                 Necr           62%        N/A       13%         5

Your spell library contained the following spells:

 Spells                   Type           Power      Damage    Failure   Level
 Lesser Beckoning         Tloc           10%        N/A       21%         2
 Call Canine Familiar     Summ           5%         N/A       36%         3
 Gell's Gravitas          Tloc           5%         N/A       36%         3
 Portal Projectile        Hex/Tloc       10%        N/A       36%         3
 Teleport Other           Tloc           5%         N/A       36%         3
 Leda's Liquefaction      Hex/Erth       2%         N/A       78%         4
 Petrify                  Tmut/Erth      5%         N/A       78%         4
 Irradiate                Conj/Tmut      2%         3d12      98%         5
 Sublimation of Blood     Necr           Unusable   N/A       N/A         2

Dungeon Overview and Level Annotations

Branches:
Dungeon (5/15)             Temple (1/1) D:4

Altars:
Ashenzari
Cheibriados
Dithmenos
Fedhas
Gozag
Kikubaaqudgha
Makhleb
Okawaru
Qazlal
Ru
Sif Muna
Uskayaw
Vehumet
Wu Jian
Xom
Yredelemnul


Innate Abilities, Weirdness & Mutations

You are immune to poison.
Your flesh is cold resistant. (rC+)
You are immune to negative energy. (rN+++)
You are immune to unholy pain and torment.
You are vulnerable to heat. (rF-)
You are in touch with the powers of death.
You do not drink.
You have a special connection with the divine. (Faith)


Message History

You barely miss the white imp.
The white imp is severely wounded.
The white imp hits you but does no damage.
The white imp barely misses you.
You can't drink.
As you read the scroll labelled VIHIWN YLEZ, it crumbles to dust.
You hear a loud clanging noise!
It was a scroll of noise.
You hear a shout! x3
The white imp gestures at you. The puff of frost hits you. You resist.
* * * LOW HITPOINT WARNING * * *
As you read the scroll labelled CETU ZEXITHRUO, it crumbles to dust.
It is a scroll of amnesia.
Really abort (and waste the scroll)?
Okay, then.
The white imp gestures at you. The puff of frost misses you.
As you read the scroll labelled WILUVI ED GAO, it crumbles to dust.
The creatures around you are filled with an inner flame!
It was a scroll of immolation.
The white imp barely misses you.
The white imp laughs crazily.
The white imp hits you but does no damage.
You climb upwards.
There is a stone staircase leading down here.
Really read the scroll of vulnerability?
Okay, then.
You barely miss the white imp.
The white imp is severely wounded.
The white imp lashes its tail.
The white imp gestures at you. The puff of frost hits you. You resist.
* * * LOW HITPOINT WARNING * * *
You hit the white imp. Kikubaaqudgha accepts your kill.
The white imp explodes!
The fiery explosion engulfs you!! The fire burns you terribly!
Ouch! That really hurt!
You die...
Kikubaaqudgha rasps: "You have failed me!
Welcome... oblivion!"

##.#....#.....#..
###................
#...#.###..........
###.####.#.........
##..#.#.........#..
#.........#........
##..##....#........
#####.............
#@##..............
##.###.............
#§.§##..#.#........
##...#...###.....###
#..........#..##.###
#...................
##.###..#........#..
####............#..
#...#.........#..


There were no monsters in sight!

Vanquished Creatures
  A sky beast (D:5)
  A black bear (D:5)
  An ogre (D:5)
  6 killer bees (D:5)
  2 hounds
  An iguana (D:5)
  5 adders
  3 gnolls (D:3)
  A white imp (D:4)
  5 worms
  6 orcs
  9 ball pythons
  6 endoplasms
  3 giant cockroaches
  4 goblins (D:2)
  5 hobgoblins
  3 jackals (D:1)
  A quokka (D:3)
  6 bats
  A frilled lizard (D:1)
  3 kobolds
  3 rats
76 creatures vanquished.

Vanquished Creatures (collateral kills)
  A goblin (D:1)
  A hobgoblin (D:2)
  A frilled lizard (D:3)
3 creatures vanquished.

Grand Total: 79 creatures vanquished

Notes
Turn   | Place    | Note
-------+----------+-------------------------------------------
     0 | D:1      | cheesebisquit the Mummy Necromancer began the quest for the
                  | Orb.
     0 | D:1      | Reached XP level 1. HP: 13/13 MP: 4/4
   350 | D:1      | Reached XP level 2. HP: 19/19 MP: 4/6
   948 | D:1      | You fall into a shaft and drop 1 floor!
   985 | D:1      | Gained mutation: You are in touch with the powers of death.
                  | [Mummy growth]
   985 | D:1      | Reached XP level 3. HP: 6/24 MP: 0/7
  1491 | D:2      | Found a radiant altar of Vehumet.
  1544 | D:2      | Found a faded altar of an unknown god.
  1648 | D:2      | Reached skill level 5 in Necromancy
  1961 | D:3      | Found a stormy altar of Qazlal.
  1999 | D:3      | Found a burning altar of Makhleb.
  1999 | D:3      | Found an ancient bone altar of Kikubaaqudgha.
  2000 | D:3      | Found an opulent altar of Gozag.
  2000 | D:3      | Found a shadowy altar of Dithmenos.
  2003 | D:3      | Found a shimmering blue altar of Sif Muna.
  2007 | D:3      | Became a worshipper of Kikubaaqudgha
  2075 | D:3      | Reached XP level 4. HP: 30/30 MP: 7/9
  2113 | D:3      | Learned a level 3 spell: Vampiric Draining
  2118 | D:3      | Learned a level 4 spell: Animate Dead
  2280 | D:3      | Found an iron altar of Okawaru.
  2873 | D:4      | Identified a scroll of acquirement
  2874 | D:4      | Acquired a staff of death
  2921 | D:4      | Reached XP level 5. HP: 32/35 MP: 7/11
  2971 | D:4      | Reached * piety under Kikubaaqudgha
  2971 | D:4      | Received a gift from Kikubaaqudgha
  2974 | D:4      | Learned a level 1 spell: Kiss of Death
  3074 | D:4      | Found a broken altar of Ashenzari.
  3178 | D:4      | Found a staircase to the Ecumenical Temple.
  3546 | Temple   | Entered the Ecumenical Temple
  3696 | D:5      | Entered Level 5 of the Dungeon
  3709 | D:5      | Reached skill level 6 in Necromancy
  3848 | D:5      | Reached skill level 5 in Spellcasting
  3848 | D:5      | Reached XP level 6. HP: 36/41 MP: 13/13
  4069 | D:5      | Learned a level 5 spell: Agony
  4314 | D:5      | Reached skill level 7 in Necromancy
  4342 | D:5      | Noticed a sky beast
  4350 | D:5      | Killed a sky beast
  4351 | D:5      | Reached XP level 7. HP: 46/46 MP: 15/15
  5204 | D:5      | HP: 1/46 [killer bee (6)]
  5208 | D:5      | Reached skill level 8 in Necromancy
  5217 | D:4      | Killed by an exploding white imp... ignited by their inner
                  | flame

Illustrated notes

Levels and vault maps discovered:
D:1:      evilmike_arrival_home_sweet_home, layout_loops_ring
D:2:      layout_rooms, basic_altar, basic_ecumenical_altar,
          hangedman_decor_growths
D:3:      layout_loops_ring, lemuel_crystal_altar, grunt_temple_overflow_open
D:4:      layout_cave_pools, mainiacjoe_overflow_brackets,
          minmay_temple_entry_antechambers
D:5:      layout_cave_pools, nicolae_elevator_lobby_asterisk
Temple:   jpeg_temple_clearing

Skill      XL: |  1  2  3  4  5  6  7 |
---------------+----------------------+-----
Spellcasting   | 3 4 5 6 |  6.3
Necromancy     | 5 6 7 8 |  8.0
Dodging        | |  1.5
Stealth        | |  1.5

Action                     |  1- 3 |  4- 6 |  7- 9 || total
---------------------------+-------+-------+-------++-------
  Melee: Unarmed           |    15 |       |       ||    15
         Whip              |     3 |       |       ||     3
         Staff             |       |       |    11 ||    11
         Punch             |       |       |     1 ||     1
   Cast: Necrotise         |    81 |    74 |    45 ||   200
         Vampiric Draining |       |       |     2 ||     2
  Evoke: Wand              |       |     1 |     1 ||     2
    Use: Scroll            |       |     9 |     4 ||    13
 Armour: Robe              |    11 |    18 |    19 ||    48
  Dodge: Dodged            |    42 |    29 |    49 ||   120

Table legend: (Time is in decaauts)
 A = Elapsed time spent in this place.
 B = Non-inter-level travel time spent in this place.
 C = Inter-level travel time spent in this place.
 D = Time resting spent in this place.
 E = Time spent auto-exploring this place.
 F = Levels seen in this place.
 G = Mean time per level.
                   A        B        C        D        E       F      G
               +--------+--------+--------+--------+--------+-----+--------+
         Total |   5218 |   4849 |    369 |    990 |   3121 |   6 |  869.7 |
       Dungeon |   5079 |   4727 |    352 |    990 |   3012 |   5 | 1015.8 |
        Temple |    138 |    121 |     17 |      0 |    109 |   1 |  138.0 |
               +--------+--------+--------+--------+--------+-----+--------+

Top non-repeatable levels by time:
     D:1: 1375 daAuts
     D:5: 1255 daAuts
     D:3: 976 daAuts
     D:4: 898 daAuts
     D:2: 572 daAuts
  Temple: 138 daAuts
